 Dungeon Crawl Stone Soup version 0.15.0-23-gc2b521c (webtiles) character file.

74078 Johnny the Acrobat (level 15, -2/81 HPs)
             Began as a Felid Berserker on Sept 8, 2014.
             Was a Priest of Trog.
             Hit by a javelin thrown by a merfolk javelineer (15 damage)
             ... on Level 4 of the Shoals.
             The game lasted 02:14:14 (40228 turns).

Johnny the Acrobat (Felid Berserker)               Turns: 40228, Time: 02:14:15

HP  -2/81        AC  3     Str 20      XL: 15   Next:  5%
MP   0/31        EV 46     Int 10      God: Trog [***...]
Gold 2144        SH  0     Dex 26      Spells:  0 memorised, 14 levels left
Lives: 0, deaths: 4

rFire  + . .     SeeInvis +       - Unarmed
rCold  + + .     Clarity  .     (armour unavailable)
rNeg   . . .     rCorr    .     (shield unavailable)
rPois  +         rRot     .     (helmet unavailable)
rElec  .         Spirit   +     (cloak unavailable)
SustAb .         Warding  .     (gloves unavailable)
rMut   .         NoTele   +     (boots unavailable)
Gourm  .                        t - amulet of guardian spirit
MR     +++..                    v - ring of poison resistance
                                D - ring "Gowususho" {-Tele rF+ rC+ MR+ Stlth-}

@: mighty, agile, exhausted, manticore barbs, very slightly contaminated, hasted
and slowed, quick, extremely resistant to hostile enchantments, incredibly
stealthy
A: paw claws, no armour, no weapons or thrown items, fangs 3, see invisible,
carnivore 3, speed 1, robust 1, screaming 1, shaggy fur 3, slow metabolism 1,
strong 1, jump 3
a: Jump Attack, Burn Spellbooks, Berserk, Trog's Hand, Renounce Religion


You were on level 4 of the Shoals.
You worshipped Trog.
Trog was most pleased with you.
You were full.

You visited 5 branches of the dungeon, and saw 34 of its levels.
You also visited: Trove, Ossuary and Ice Cave.

You collected 4357 gold pieces.
You spent 2213 gold pieces at shops.

Inventory:

Magical devices
 f - a wand of draining (0)
 h - a wand of disintegration (7)
 l - a wand of slowing (4)
 w - a wand of cold (5)
 z - a wand of slowing (13)
 B - a wand of digging (3)
 I - a wand of draining (0)
 N - a wand of confusion (4)
 O - a wand of lightning (6)
 S - a wand of disintegration (5)
 Y - a wand of lightning (5)
Comestibles
 c - 15 meat rations
 k - 5 slices of pizza
 n - 3 royal jellies
 P - 6 beef jerkies
Scrolls
 d - 6 scrolls of remove curse
 g - 4 scrolls of recharging
 j - 14 scrolls of teleportation
 m - 5 scrolls of magic mapping
 p - 3 scrolls of identify
 y - 2 scrolls of immolation
 C - 7 scrolls of blinking
 G - a scroll of fog
 H - 2 scrolls of fear
 L - 2 scrolls of vulnerability
 M - a scroll of holy word
 Z - a scroll of torment {unknown}
Jewellery
 b - an uncursed ring of sustain abilities
 q - an uncursed amulet of resist mutation
 t - an amulet of guardian spirit (around neck)
 v - a ring of poison resistance (right paw)
 D - the ring "Gowususho" (left paw) {-Tele rF+ rC+ MR+ Stlth-}
   (You found it in a treasure trove)

   [ring of protection from magic]

   It protects you from fire.
   It protects you from cold.
   It affects your resistance to hostile enchantments.
   It prevents most forms of teleportation.
   It makes you less stealthy.
 E - an uncursed ring of flight
 J - an uncursed ring of protection from cold
Potions
 a - 2 potions of curing
 o - 7 potions of restore abilities
 r - a potion of lignification
 u - 2 potions of cure mutation
 Q - 3 potions of resistance
 R - 3 potions of brilliance
 V - 2 potions of flight


   Skills:
 * Level 13.4 Fighting
 * Level 21.8 Dodging
 * Level 17.8 Stealth
 * Level 15.7 Unarmed Combat
 * Level 9.6 Evocations


You had 14 spell levels left.
You didn't know any spells.

Dungeon Overview and Level Annotations

Branches:
Dungeon (14/15)            Temple (0/1) D:6             Orc (4/4) D:10
    Elf (3/3) Orc:4          Lair (8/8) D:11         Shoals (5/5) Lair:3
 Spider (0/5) Lair:6        Slime (0/6) Lair:6
 Vaults: D:13-14

Altars:
Elyvilon
Kikubaaqudgha
Makhleb
Nemelex Xobeh
Sif Muna
Yredelemnul
Zin
Beogh

Shops:
D:11 *   Orc:4 !(*!   Elf:2 %

Annotations:
Lair:2 exclusion: oklob plant
Shoals:5 Ilsuiw


Innate Abilities, Weirdness & Mutations

You cannot wear armour.
You are incapable of wielding weapons or throwing items.
Your paws have sharp claws.
You have razor-sharp teeth.
You have supernaturally acute eyesight.
You are carnivorous and can eat meat at any time.
You cover ground quickly.
Your thick and shaggy fur keeps you warm (AC +3, rC+).
You have a slow metabolism.
You can jump attack at a long distance.
You are robust (+10% HP).
You occasionally shout uncontrollably at your foes.
Your muscles are strong. (Str +2)


Message History

Your bite misses the manticore.
The manticore is heavily wounded.
You hear a shout!
The manticore completely misses you. x3
You mangle the manticore!!
You kill the manticore!
Trog accepts your kill.
You start resting.
The merfolk hits you with a trident!
* * * LOW HITPOINT WARNING * * *
A merfolk and a merfolk javelineer come into view.
There are monsters nearby!
You mangle the merfolk!!
The merfolk begins to bleed from its wounds!
The merfolk is heavily wounded.
Your skin stops crawling.
You feel less resistant to hostile enchantments.
The merfolk javelineer throws a javelin.
The javelin hits you!!
You die...

≈≈≈≈≈........P## #..≈
≈≈≈≈≈≈.##......# #..≈
≈≈≈≈≈..###.....## ##..≈
≈≈≈≈≈.....(.#### ###.≈≈≈
≈≈≈≈≈.......# #...≈≈≈
≈≈≈..........###. ##..≈≈≈
≈≈≈≈........PP...# ##....
≈≈≈≈≈≈....P≈PPP...
##.≈...
≈≈≈≈≈...)@PPPP....
#.≈≈..<
≈≈≈....##m.###PP###.≈≈≈..
≈≈≈...( ..P# . .#.≈≈≈...
≈≈≈m≈.. .≈... P.≈≈≈≈....
≈≈≈≈.. ...... ≈.≈≈≈≈≈≈≈.
≈.... .≈....≈≈≈≈≈≈≈≈≈≈
.≈.. .P..≈ ≈≈≈≈≈≈≈≈. .
P... ≈≈≈≈≈≈≈≈. #
≈≈≈≈≈≈≈≈.


You could see a merfolk javelineer and a merfolk (bleeding).

Vanquished Creatures
  A deep elf blademaster (Elf:3)
  A deep elf master archer (Elf:3)
  An acid blob (Lair:6)
  Rupert (Lair:7)
  2 deep elf sorcerers (Elf:3)
  A frost giant (IceCv)
  A deep elf demonologist (Elf:3)
  The ghost of Thrillho the Arsonist, a powerful HEFE of Vehumet (Lair:7)
  4 deep elf annihilators (Elf:3)
  3 deep elf death magi (Elf:3)
  Snorg (Lair:3)
  A deep elf high priest (Elf:3)
  2 merfolk impalers
  Fannar (D:12)
  3 hydras
  A siren (Shoals:2)
  Erica (Orc:4)
  The ghost of merphle the Protected, an experienced MiFi of Okawaru (D:11)
  A satyr (Shoals:3)
  7 merfolk aquamancers
  2 centaur warriors
  2 death yaks
  An orc high priest (Elf:2)
  19 deep elf knights
  A fire crab (Lair:8)
  5 sea snakes
  A deep troll (shapeshifter) (Elf:1)
  An unseen horror (D:13)
  Erolcha (Orc:4)
  6 deep elf summoners
  A lindwurm (Lair:2)
  9 harpies
  An orc knight (Orc:1)
  9 hill giants
  13 deep elf conjurers
  A wolf spider (D:13)
  An orc sorcerer (Elf:3)
  6 ugly things
  3 water nymphs
  9 manticores
  3 griffons
  A wizard (D:9)
  5 fauns
  A cyclops (D:10)
  8 black mambas
  13 elephants
  12 spiny frogs
  2 gargoyles
  4 komodo dragons
  A small abomination (Elf:3)
  A troll (shapeshifter) (Elf:1)
  A fire drake (Lair:8)
  10 deep elf priests
  A tengu conjurer (D:13)
  11 merfolk
  Sonja (D:11)
  19 polar bears
  Prince Ribbit (D:4)
  6 slime creatures (D:12)
  26 blink frogs
  4 trolls
  3 snapping turtles
  4 basilisks
  6 wraiths
  5 water elementals
  2 hungry ghosts
  3 trapdoor spiders (Lair:6)
  51 yaks
  A spriggan (D:7)
  3 wyverns
  25 deep elf magi
  11 hippogriffs
  The ghost of tehnar the Stinger, an average DrVM (D:4)
  24 deep elf fighters
  A vampire mosquito (D:13)
  10 wolves
  3 mottled dragons (D:12)
  An ogre zombie (D:12)
  21 water moccasins
  2 ogre skeletons
  A yellow wasp (D:9)
  2 wargs
  27 orc warriors
  10 porcupines
  13 ice beasts
  A manticore zombie (D:11)
  A phantom (D:7)
  A sky beast (D:10)
  4 black bears
  10 ogres
  9 crocodiles
  6 centaurs
  Sigmund (D:2)
  A necrophage (D:6)
  A big kobold (D:10)
  20 giant frogs
  A cyclops zombie (D:8)
  2 water moccasin zombies (Ossuary)
  A wyvern skeleton (D:11)
  4 scorpions
  11 killer bees
  A cyclops skeleton (D:9)
  A yak zombie (D:9)
  4 jellies
  3 electric eels
  10 wights
  5 quasits
  9 crimson imps
  A giant frog zombie (D:13)
  A goliath beetle (D:7)
  12 hounds
  2 giant frog skeletons
  10 iguanas
  2 orange rats
  22 orc wizards
  A centaur skeleton (D:12)
  22 orc priests
  13 worker ants
  40 sheep
  Ijyb (D:6)
  Jessica (D:2)
  2 big kobold zombies (Ossuary)
  3 mummies
  5 gnolls
  2 scorpion zombies
  27 adders
  56 green rats
  4 orc zombies
  3 shadow imps
  A giant mite (D:8)
  A worm (D:2)
  6 adder zombies (Ossuary)
  7 giant geckos
  145 orcs
  16 bats
  2 bat skeletons
  A bat zombie (D:6)
  19 goblins
  19 hobgoblins
  7 jackals (D:7)
  22 kobolds
  19 quokkas
  4 ball pythons
  6 giant cockroaches
  A giant gecko skeleton (D:4)
  A giant gecko zombie (D:5)
  A giant newt (D:5)
  A giant spore (D:7)
  A goblin skeleton (D:5)
  3 hobgoblin zombies
  A kobold skeleton (D:7)
  6 kobold zombies (Ossuary)
  2 orc skeletons
  9 rats
  2 rat skeletons
  8 ballistomycetes
  A fungus (Lair:6)
  2 plants
1139 creatures vanquished.

Vanquished Creatures (collateral kills)
  A deep elf blademaster (Elf:3)
  2 deep elf master archers (Elf:3)
  2 deep elf sorcerers (Elf:3)
  A deep elf demonologist (Elf:3)
  The ghost of Mayheim the Unseen, a powerful SpEn of Dithmenos (Orc:4)
  3 deep elf annihilators (Elf:3)
  2 deep elf death magi (Elf:3)
  3 deep elf high priests (Elf:3)
  A hydra (Lair:5)
  5 orc high priests (Orc:4)
  A sun demon (Elf:3)
  A deep elf summoner (Elf:2)
  An ice devil (Orc:4)
  6 orc knights (Orc:4)
  An orc sorcerer (Elf:2)
  An iron devil (Elf:2)
  2 orange demons
  A feature mimic (Orc:4)
  A ynoxinul (Orc:4)
  A chaos spawn (Elf:3)
  11 orc warriors (Orc:4)
  An elf zombie (Elf:2)
  A lost soul (Elf:3)
  11 orc priests (Orc:4)
  2 ufetubi (Orc:4)
  3 orcs (Orc:4)
66 creatures vanquished.

Vanquished Creatures (others)
  A stone giant (Orc:4)
  A death yak (IceCv)
  3 hill giants
  2 deep trolls (Elf:3)
  5 drowned souls (Shoals:2)
  3 trolls
  A deep elf priest (Elf:3)
  A polar bear (IceCv)
  2 two-headed ogres (Elf:3)
  A yak (IceCv)
  2 wolves (IceCv)
  A water moccasin (Lair:8)
  5 ogres
  2 lost souls (Elf:3)
  A green rat (Lair:8)
  An orc (Orc:4)
  A jackal (D:9)
  2 giant spores
  A fungus (Lair:8)
  2 plants
38 creatures vanquished.

Grand Total: 1243 creatures vanquished

Notes
Turn   | Place    | Note
--------------------------------------------------------------
     0 | D:1      | Johnny, the Felid Berserker, began the quest for the Orb.
     0 | D:1      | Reached XP level 1. HP: 10/10 MP: 2/2
   377 | D:1      | Reached XP level 2. HP: 12/14 MP: 3/3
   815 | D:2      | Noticed Sigmund
   819 | D:2      | Acquired Trog's second power
   819 | D:2      | Reached XP level 3. HP: 12/17 MP: 5/5
   825 | D:2      | Killed Sigmund
   825 | D:2      | Reached skill level 5 in Dodging
   825 | D:2      | Reached XP level 4. HP: 17/22 MP: 7/7
  1202 | D:2      | Noticed Jessica
  1224 | D:2      | Killed Jessica
  1224 | D:2      | Reached skill level 1 in Stealth
  1224 | D:2      | Reached XP level 5. HP: 8/25 MP: 8/8
  3184 | D:4      | Noticed tehnar's ghost (average DrVM)
  3198 | D:4      | Killed tehnar's ghost
  3198 | D:4      | Reached skill level 6 in Dodging
  3198 | D:4      | Gained mutation: You are covered in thick fur (AC +2). [growing up]
  3198 | D:4      | Gained mutation: You can jump attack at a medium distance. [growing up]
  3198 | D:4      | Reached XP level 6. HP: 29/29 MP: 10/10
  3393 | D:4      | Noticed Prince Ribbit
  3405 | D:4      | Killed Prince Ribbit
  3405 | D:4      | Reached skill level 7 in Dodging
  3405 | D:4      | Reached XP level 7. HP: 33/33 MP: 8/12
  3543 | D:4      | Found a glowing silver altar of Zin.
  3668 | D:4      | Reached skill level 5 in Unarmed Combat
  4188 | D:5      | Entered Level 5 of the Dungeon
  4241 | D:5      | Found a basalt altar of Yredelemnul.
  4414 | D:5      | Found a burning altar of Makhleb.
  4448 | D:5      | Reached skill level 5 in Fighting
  4448 | D:5      | Reached skill level 8 in Dodging
  4448 | D:5      | Reached skill level 5 in Stealth
  5093 | D:5      | Reached XP level 8. HP: 37/37 MP: 13/13
  5246 | D:6      | Noticed Ijyb
  5266 | D:6      | Killed Ijyb
  5295 | D:6      | Found a sand-covered staircase.
  5300 | Ossuary  | Entered an ossuary
  5784 | D:6      | Found a staircase to the Ecumenical Temple.
  5895 | D:6      | Reached skill level 9 in Dodging
  6738 | D:7      | Acquired Trog's third power
  6950 | D:7      | Reached XP level 9. HP: 41/41 MP: 15/15
  7263 | D:7      | Reached skill level 10 in Dodging
  7922 | D:8      | Slain by a wyvern
  7923 | D:8      | Reached XP level 8. HP: 0/39 MP: 0/13
  8018 | D:8      | Found a deep blue altar of Sif Muna.
  8019 | D:8      | Found a sparkling altar of Nemelex Xobeh.
  8019 | D:8      | Found a basalt altar of Yredelemnul.
  8046 | D:8      | Found a white marble altar of Elyvilon.
  8248 | D:8      | Reached skill level 11 in Dodging
  8393 | D:8      | Reached XP level 9. HP: 35/42 MP: 8/15
  8768 | D:8      | Gained mutation: You have a pair of small horns on your head. [potion of mutation]
  8768 | D:8      | Gained mutation: Your flesh is heat resistant. [potion of mutation]
  8768 | D:8      | Gained mutation: Your body is slowly deteriorating. [potion of mutation]
  8769 | D:8      | Lost mutation: Your body is slowly deteriorating. [potion of cure mutation]
  8769 | D:8      | Lost mutation: You have a pair of small horns on your head. [potion of cure mutation]
  8769 | D:8      | Lost mutation: Your flesh is heat resistant. [potion of cure mutation]
  9261 | D:9      | Noticed a hill giant
  9276 | D:9      | Killed a hill giant
  9411 | D:9      | Noticed a centaur warrior
  9411 | D:9      | Noticed a wizard
  9412 | D:9      | Noticed a hill giant
  9429 | D:9      | Killed a hill giant
  9429 | D:9      | Reached skill level 12 in Dodging
  9435 | D:9      | Killed a wizard
  9435 | D:9      | Reached skill level 10 in Stealth
  9435 | D:9      | Reached XP level 10. HP: 47/47 MP: 11/17
  9451 | D:9      | Killed a centaur warrior
 10379 | D:10     | Entered Level 10 of the Dungeon
 10389 | D:10     | Reached skill level 13 in Dodging
 10433 | D:10     | Found a staircase to the Orcish Mines.
 10468 | D:10     | Noticed a hill giant
 10489 | D:10     | Killed a hill giant
 10624 | D:10     | Noticed a cyclops
 10657 | D:10     | Killed a cyclops
 10720 | D:10     | Noticed a hill giant
 10733 | D:10     | Killed a hill giant
 10733 | D:10     | Reached XP level 11. HP: 43/51 MP: 16/18
 11441 | D:11     | Noticed a seven-headed hydra
 11493 | D:11     | Found a white marble altar of Elyvilon.
 11605 | D:11     | Found Emnimp's Assorted Antiques.
 11622 | D:11     | Reached skill level 10 in Unarmed Combat
 11639 | D:11     | Bought a wavering iron ring for 145 gold pieces
 11639 | D:11     | Bought a scroll of teleportation for 87 gold pieces
 11639 | D:11     | Bought a scroll of identify for 58 gold pieces
 11642 | D:11     | Identified the ring of Daisies {Fire Dex-3 Int+3} (You bought it in a shop on level 11 of the Dungeon)
 11650 | D:11     | Noticed merphle's ghost (experienced MiFi)
 12260 | D:11     | Killed merphle's ghost
 12260 | D:11     | Reached skill level 14 in Dodging
 12452 | D:11     | Found a staircase to the Lair.
 12670 | D:11     | Noticed Sonja
 12679 | D:11     | Killed Sonja
 12992 | D:11     | Killed a seven-headed hydra
 13591 | D:12     | Reached skill level 1 in Evocations
 13849 | D:12     | Found an ancient bone altar of Kikubaaqudgha.
 13912 | D:12     | Reached skill level 15 in Dodging
 14230 | D:12     | Gained mutation: Your thick and shaggy fur keeps you warm (AC +3, rC+). [growing up]
 14230 | D:12     | Gained mutation: You can jump attack at a long distance. [growing up]
 14230 | D:12     | Reached XP level 12. HP: 57/57 MP: 16/20
 14292 | D:12     | Noticed Fannar
 14304 | D:12     | Killed Fannar
 15042 | D:13     | Found a portal to a secret trove of treasure.
 15075 | D:13     | Identified a scroll of acquirement
 15649 | D:13     | Reached skill level 16 in Dodging
 15661 | D:13     | Reached skill level 10 in Fighting
 16026 | D:13     | Noticed a centaur warrior
 16043 | D:13     | Killed a centaur warrior
 16426 | D:13     | Noticed a seven-headed hydra
 16445 | D:13     | Killed a seven-headed hydra
 16858 | Lair:1   | Entered Level 1 of the Lair of Beasts
 17060 | Lair:1   | Reached XP level 13. HP: 61/61 MP: 22/22
 18187 | Lair:2   | Reached skill level 17 in Dodging
 19241 | Lair:3   | Found a frozen archway.
 19279 | IceCv    | Entered an ice cave
 20414 | IceCv    | Noticed a frost giant
 20455 | IceCv    | Killed a frost giant
 20957 | Lair:3   | Found a staircase to the Shoals.
 20972 | Lair:3   | Reached skill level 18 in Dodging
 21073 | Lair:3   | Noticed Snorg
 21092 | Lair:3   | Killed Snorg
 21612 | Lair:3   | Reached XP level 14. HP: 54/66 MP: 22/25
 23798 | Lair:6   | Reached skill level 15 in Stealth
 23879 | Lair:6   | Found a staircase to the Slime Pits.
 23881 | Lair:6   | Noticed an acid blob
 23916 | Lair:6   | Killed an acid blob
 24214 | Lair:6   | Reached skill level 5 in Evocations
 24787 | Lair:6   | Found a hole to the Spider Nest.
 25019 | Lair:7   | Noticed Thrillho's ghost (powerful HEFE)
 25039 | Lair:7   | Killed Thrillho's ghost
 25396 | Lair:7   | Noticed Rupert
 25430 | Lair:7   | Killed Rupert
 26393 | Lair:7   | Reached skill level 19 in Dodging
 26933 | Lair:8   | Entered Level 8 of the Lair of Beasts
 27611 | Lair:8   | Engulfed by a cloud of flame
 27612 | Lair:8   | Reached XP level 13. HP: 0/63 MP: 0/26
 27660 | Lair:8   | Reached XP level 14. HP: 51/67 MP: 16/27
 28138 | D:13     | You paid a toll of a wand of heal wounds (9) to enter a treasure trove
 28139 | Trove    | Entered a treasure trove
 28170 | Trove    | Got a smoking golden ring
 28236 | D:13     | Identified the ring "Gowususho" {-Tele rF+ rC+ MR+ Stlth-} (You found it in a treasure trove)
 28412 | Orc:1    | Entered Level 1 of the Orcish Mines
 29629 | Orc:4    | Entered Level 4 of the Orcish Mines
 29629 | Orc:4    | Found a roughly hewn altar of Beogh.
 29636 | Orc:4    | Noticed Erica
 29655 | Orc:4    | Killed Erica
 29731 | Orc:4    | Found a labyrinth entrance.
 29884 | Orc:4    | Noticed Mayheim's ghost (powerful SpEn)
 29930 | Orc:4    | Killed Mayheim's ghost
 29940 | Orc:4    | Found a flickering gateway to a bazaar.
 29944 | Orc:4    | the flickering gateway to a bazaar was a mimic.
 30055 | Orc:4    | Noticed Erolcha
 30060 | Orc:4    | Found a staircase to the Elven Halls.
 30067 | Orc:4    | Killed Erolcha
 30440 | Orc:4    | Found Nuattiem's Distillery.
 30441 | Orc:4    | Found Qitziyn's Distillery.
 30441 | Orc:4    | Found Akhideugh's Assorted Antiques.
 30442 | Orc:4    | Found Thric's Antique Weapon Boutique.
 30479 | Orc:4    | Bought a potion of resistance for 84 gold pieces
 30479 | Orc:4    | Bought a potion of flight for 36 gold pieces
 30479 | Orc:4    | Bought a potion of heal wounds for 36 gold pieces
 30479 | Orc:4    | Bought a potion of invisibility for 66 gold pieces
 30479 | Orc:4    | Bought a potion of beneficial mutation for 420 gold pieces
 30479 | Orc:4    | Bought a potion of heal wounds for 36 gold pieces
 30479 | Orc:4    | Bought a potion of heal wounds for 36 gold pieces
 30484 | Orc:4    | Bought a potion of resistance for 98 gold pieces
 30484 | Orc:4    | Bought a potion of restore abilities for 42 gold pieces
 30484 | Orc:4    | Bought a potion of curing for 28 gold pieces
 30484 | Orc:4    | Bought a potion of beneficial mutation for 490 gold pieces
 30484 | Orc:4    | Bought a potion of restore abilities for 42 gold pieces
 30484 | Orc:4    | Bought a potion of flight for 42 gold pieces
 30484 | Orc:4    | Bought a potion of agility for 35 gold pieces
 30488 | Orc:4    | Bought a potion of invisibility for 176 gold pieces
 30488 | Orc:4    | Bought a scroll of magic mapping for 112 gold pieces
 30488 | Orc:4    | Bought a potion of agility for 80 gold pieces
 30488 | Orc:4    | Bought a scroll of identify for 64 gold pieces
 30490 | Orc:4    | Gained mutation: You are robust (+10% HP). [potion of beneficial mutation]
 30491 | Orc:4    | Gained mutation: Your muscles are strong. (Str +2) [potion of beneficial mutation]
 30700 | Elf:1    | Entered Level 1 of the Elven Halls
 32343 | Elf:2    | Found Gys Zuid's Food Shop.
 32883 | Elf:2    | Reached XP level 15. HP: 80/80 MP: 24/29
 33335 | Elf:3    | Entered Level 3 of the Elven Halls
 33358 | Elf:3    | Reached skill level 20 in Dodging
 34165 | Elf:3    | Noticed a deep elf blademaster
 34168 | Elf:3    | Killed a deep elf blademaster
 34169 | Elf:3    | Killed a deep elf master archer
 34169 | Elf:3    | Reached skill level 15 in Unarmed Combat
 34200 | Elf:3    | Noticed a deep elf master archer
 34203 | Elf:3    | Killed a deep elf master archer
 34204 | Elf:3    | Noticed a deep elf master archer
 34235 | Elf:3    | Shot with an arrow by a deep elf master archer
 34236 | Elf:3    | Reached XP level 14. HP: -13/75 MP: 0/29
 34622 | Elf:3    | Noticed a cacodemon
 34623 | Elf:3    | Gained mutation: You occasionally shout uncontrollably at your foes. [a cacodemon]
 34624 | Elf:3    | Noticed an Ice Fiend
 35651 | Elf:3    | Noticed a deep elf blademaster
 35689 | Elf:3    | HP: 2/77 [deep elf blademaster/cutlass (3)]
 35689 | Elf:3    | Annihilated by a deep elf blademaster
 35690 | Elf:3    | Reached XP level 13. HP: -22/72 MP: 0/28
 35726 | Elf:3    | Reached XP level 14. HP: 77/77 MP: 29/29
 35744 | Elf:3    | Got a faintly glowing golden ring
 35762 | Elf:3    | Identified the ring "Dadyno" {+Fly AC+2} (You found it on level 3 of the Elven Halls)
 35823 | Elf:3    | Killed a deep elf master archer
 35944 | Elf:3    | Killed a deep elf blademaster
 35944 | Elf:3    | Reached skill level 21 in Dodging
 36454 | Shoals:1 | Entered Level 1 of the Shoals
 39929 | Shoals:4 | Reached XP level 15. HP: 62/81 MP: 24/30
 40150 | Shoals:5 | Entered Level 5 of the Shoals
 40150 | Shoals:5 | Noticed Ilsuiw
 40228 | Shoals:4 | Hit by a javelin thrown by a merfolk javelineer

Action                   |  1- 3 |  4- 6 |  7- 9 | 10-12 | 13-15 || total
-------------------------+-------+-------+-------+-------+-------++-------
Melee: Unarmed           |    60 |   122 |   669 |   898 |  2481 ||  4230
Invok: Berserk           |     1 |     3 |    11 |    17 |    76 ||   108
       Trog's Hand       |     1 |     1 |     2 |     9 |    59 ||    72
       Brothers in Arms  |       |       |       |       |    30 ||    30
 Abil: Jump Attack       |       |       |       |       |     1 ||     1
Evoke: Wand              |       |       |     5 |    16 |    42 ||    63
  Use: Scroll            |       |     3 |     6 |    10 |    26 ||    45
       Potion            |       |     1 |    13 |     6 |    44 ||    64
 Stab: Sleeping          |     1 |     6 |    43 |    32 |    98 ||   180
       Distracted        |       |       |     4 |     8 |    10 ||    22
       Invisible         |       |       |     3 |     3 |     7 ||    13
  Eat: Chunk             |       |     5 |    29 |    37 |   113 ||   184
       Pizza             |       |     1 |       |       |       ||     1
       Royal jelly       |       |       |     1 |       |       ||     1
       Beef jerky        |       |       |       |       |     3 ||     3
       Meat ration       |       |       |       |       |     3 ||     3
